 Dungeon Sprint DCSS version 0.19-a0-1738-gbb2db12 (webtiles) character file.

1401 Groucho the Markscentaur (level 8, -6/75 HPs)
             Began as a Centaur Hunter on Oct 1, 2016.
             Was a Priest of Okawaru.
             Mangled by a gargoyle
             ... wielding a +0 flail
              (15 damage)
             ... in the Dungeon (Sprint IX: "|||||||||||||||||||||||||||||").
             The game lasted 00:02:43 (608 turns).

Groucho the Markscentaur (Centaur Hunter)            Turns: 608, Time: 00:02:44

Health: -6/75      AC: 12    Str: 23    XL:     8   Next: 41%
Magic:  8/8        EV: 10    Int: 10    God:    Okawaru [***...]
Gold:   0          SH:  0    Dex: 16    Spells: 0 memorised, 7 levels left

rFire  . . .     SeeInvis +     q - +3 war axe "Jul Cus" {venom, rPois rC- Dex+6 SInv}
rCold  x . .     Gourm    .     t - +1 chain mail
rNeg   . . .     Faith    .     (no shield)
rPois  +         Spirit   .     r - +0 helmet
rElec  .         Dismiss  .     (no cloak)
rCorr  .         Reflect  .     s - +0 pair of gloves
MR     .....     Harm     .     (no barding)
Stlth  .......... NoTele   +    (no amulet)
                                c - +3 ring of strength
                                b - +3 ring of strength

@: very slightly contaminated, hasted, very quick
A: hooves 3, deformed body, speed 2, tough skin 3
a: Heroism, Renounce Religion


You were in the Dungeon.
You worshipped Okawaru.
Okawaru was most pleased with you.
You were not hungry.

You visited 1 branch

Inventory:

Hand Weapons
 a - a +1 shortbow
 o - a +2 halberd of protection
 p - a +2 morningstar of protection
 q - the +3 war axe "Jul Cus" (weapon) {venom, rPois rC- Dex+6 SInv}
   (You found it in the Dungeon)

   It poisons the flesh of those it strikes.
   It affects your dexterity (+6).
   It makes you vulnerable to cold.
   It protects you from poison.
   It lets you see invisible.
Armour
 r - a +0 helmet (worn)
 s - a +0 pair of gloves (worn)
 t - a +1 chain mail (worn)
Jewellery
 b - a +3 ring of strength (left hand)
 c - a +3 ring of strength (right hand)
Wands
 n - a wand of acid (7/15)
Scrolls
 k - 3 scrolls of remove curse
 l - 2 scrolls of amnesia
 m - a scroll of blinking
Potions
 e - 5 potions of curing
 i - 4 potions of magic
Comestibles
 f - a bread ration


   Skills:
 + Level 8.7 Fighting
 * Level 15.4 Bows
 + Level 6.3 Armour
 + Level 6.6 Dodging
 - Level 0.5 Stealth


You had 7 spell levels left.
You didn't know any spells.

Dungeon Overview and Level Annotations

Branches:
Dungeon (1/1)

Altars:
Cheibriados
Dithmenos
Elyvilon
Fedhas
Gozag
Hepliaklqana
Kikubaaqudgha
Makhleb
Nemelex Xobeh
Okawaru
Qazlal
Ru
Sif Muna
Trog
Uskayaw
Vehumet
Xom
Yredelemnul
Zin
The Shining One
Beogh
Jiyva
Lugonu


Innate Abilities, Weirdness & Mutations

You have hooves in place of feet.
Armour fits poorly on your strangely shaped body.
You cover ground very quickly.
You have extremely tough skin. (AC +3)


Message History

The gargoyle is moderately damaged.
You hit the gargoyle but do no damage.
You kick the gargoyle, but do no damage.
The gargoyle is moderately damaged.
The gargoyle hits you with a flail.
You slash the gargoyle!
You kick the gargoyle, but do no damage.
The gargoyle is severely damaged.
The gargoyle closely misses you.
Your chain mail prevents you from hitting the gargoyle.
You kick the gargoyle.
The gargoyle is almost destroyed.
The gargoyle hurls a stone arrow at you.
The stone arrow hits you!
* * * LOW HITPOINT WARNING * * *
You hit the gargoyle but do no damage.
You kick the gargoyle, but do no damage.
The gargoyle is almost destroyed.
The gargoyle hits you with a flail!
You die...

▓)▓
▓)▓
▓.▓
▓.▓
▓.▓
▓.▓
▓(▓
▓(▓
▓@▓
▓9▓
▓W▓
▓.▓
▓.▓
▓.▓
▓+▓


You could see a hungry ghost and a gargoyle.

Vanquished Creatures
  A centaur warrior (D)
  A cyclops (D)
  2 ogres (D)
  A killer bee (D)
  3 crimson imps (D)
  A quasit (D)
  A jelly (D)
  A worker ant (D)
  A gnoll (D)
  An adder zombie (D)
  An adder skeleton (D)
  2 orcs (D)
  2 bats (D)
  A kobold (D)
  A rat (D)
20 creatures vanquished.

Notes
Turn   | Place    | Note
-------+----------+-------------------------------------------
     0 | D        | Groucho the Centaur Hunter began the quest for the Orb.
     0 | D        | Reached XP level 1. HP: 17/17 MP: 1/1
    11 | D        | Reached skill level 6 in Bows
    11 | D        | Reached skill level 1 in Armour
    11 | D        | Reached XP level 2. HP: 22/25 MP: 2/2
    44 | D        | Noticed a crimson imp
    44 | D        | Noticed an ogre
    44 | D        | Noticed a crimson imp
    47 | D        | Reached skill level 7 in Bows
    47 | D        | Reached XP level 3. HP: 31/31 MP: 3/3
    63 | D        | Reached skill level 8 in Bows
    63 | D        | Reached XP level 4. HP: 34/40 MP: 4/4
    72 | D        | Reached skill level 9 in Bows
    76 | D        | Killed an ogre
    76 | D        | Reached skill level 5 in Fighting
    76 | D        | Reached skill level 10 in Bows
    76 | D        | Reached XP level 5. HP: 30/48 MP: 5/5
   457 | D        | Found a roughly hewn altar of Beogh.
   457 | D        | Found a snail-covered altar of Cheibriados.
   457 | D        | Found a shadowy altar of Dithmenos.
   457 | D        | Found a white marble altar of Elyvilon.
   457 | D        | Found a blossoming altar of Fedhas.
   457 | D        | Found an opulent altar of Gozag.
   458 | D        | Found a hazy altar of Hepliaklqana.
   459 | D        | Found a viscous altar of Jiyva.
   460 | D        | Found an ancient bone altar of Kikubaaqudgha.
   461 | D        | Found a corrupted altar of Lugonu.
   462 | D        | Found a burning altar of Makhleb.
   463 | D        | Found a sparkling altar of Nemelex Xobeh.
   464 | D        | Found an iron altar of Okawaru.
   465 | D        | Found a stormy altar of Qazlal.
   466 | D        | Found a sacrificial altar of Ru.
   467 | D        | Found a deep blue altar of Sif Muna.
   468 | D        | Found a bloodstained altar of Trog.
   469 | D        | Found a hide-covered altar of Uskayaw.
   470 | D        | Found a radiant altar of Vehumet.
   471 | D        | Found a shimmering altar of Xom.
   472 | D        | Became a worshipper of Warmaster Okawaru
   473 | D        | Found a basalt altar of Yredelemnul.
   474 | D        | Found a glowing silver altar of Zin.
   475 | D        | Found a glowing golden altar of the Shining One.
   493 | D        | Got the +3 war axe "Jul Cus" {venom, rPois rC- Dex+6 SInv}
   543 | D        | Reached skill level 11 in Bows
   548 | D        | Reached XP level 6. HP: 57/57 MP: 6/6
   553 | D        | Reached skill level 12 in Bows
   572 | D        | Noticed a cyclops
   572 | D        | Noticed a centaur warrior
   572 | D        | Noticed a gargoyle
   572 | D        | Noticed a hungry ghost
   579 | D        | Reached skill level 5 in Dodging
   585 | D        | HP: 2/58 [cyclops (26)]
   590 | D        | Killed a cyclops
   590 | D        | Reached * piety under Okawaru
   590 | D        | Reached skill level 14 in Bows
   590 | D        | Reached skill level 5 in Armour
   590 | D        | Reached XP level 7. HP: 34/66 MP: 7/7
   596 | D        | HP: 3/66 [centaur warrior (10)]
   598 | D        | Killed a centaur warrior
   598 | D        | Reached ** piety under Okawaru
   598 | D        | Reached *** piety under Okawaru
   598 | D        | Reached skill level 15 in Bows
   598 | D        | Reached XP level 8. HP: 30/75 MP: 8/8
   600 | D        | Received a gift from Okawaru
   608 | D        | Mangled by a gargoyle

Vault maps used:
D:        linesprint

Skill      XL: |  1  2  3  4  5  6  7 |
---------------+----------------------+-----
Bows           | 6 7 8 10 11 14 15 | 15.4
Armour         | 1 2 3 4 5 6 |  6.3
Fighting       | 3 4 5 7 8 |  8.7
Dodging        | 2 4 5 6 |  6.6
Stealth        | |  0.5

Action                   |  1- 3 |  4- 6 |  7- 9 || total
-------------------------+-------+-------+-------++-------
Melee: Short sword       |       |     1 |       ||     1
       War axe           |       |     6 |    13 ||    19
       Kick              |       |     1 |     7 ||     8
 Fire: Shortbow          |    29 |    37 |     1 ||    67
  Use: Potion            |       |     5 |     1 ||     6
       Scroll            |       |     1 |       ||     1
 Stab: Invisible         |       |     1 |       ||     1
Armor: Leather armour    |     8 |       |       ||     8
       Chain mail        |       |    23 |     5 ||    28
Dodge: Dodged            |    14 |    23 |     4 ||    41
